 Dungeon Crawl Stone Soup version 0.31.0-11-ge490571c62 (webtiles) character file.

Game seed: 13764726428906932259

174 Persephone the Slasher (level 5, -3/42 HPs)
             Began as a Minotaur Gladiator on Feb 1, 2024.
             Killed from afar by an orc wizard (9 damage)
             ... with a puff of flame
             ... on level 3 of the Dungeon.
             The game lasted 00:02:33 (1856 turns).

Persephone the Slasher (Minotaur Gladiator)         Turns: 1856, Time: 00:02:34

Health: -3/42      AC:  3    Str: 18    XL:     5   Next: 28%
Magic:  4/4        EV: 12    Int:  5    God:
Gold:   124        SH:  0    Dex: 14    Spells: 4/4 levels left

rFire   . . .        a - +0 long sword
rCold   . . .        (no shield)
rNeg    . . .        b - +0 leather armour
rPois   .            c - +0 hat
rElec   .            (no cloak)
rCorr   .            (no gloves)
SInv    .            (no boots)
Will    .....        (no amulet)
Stlth   +            (no ring)
HPRegen 0.27/turn    (no ring)
MPRegen 0.09/turn

%: no passive effects
@: brilliant
A: horns 2, retaliatory headbutt
a: no special abilities


You were on level 3 of the Dungeon.
You visited 1 branch of the dungeon, and saw 3 of its levels.

You collected 124 gold pieces.

Inventory:

Hand Weapons
 a - a +0 long sword (weapon)
Missiles
 d - 3 throwing nets (quivered)
 e - a javelin
Armour
 b - a +0 leather armour (worn)
 c - a +0 hat (worn)
Wands
 s - a wand of digging (3)
Scrolls
 f - a scroll of amnesia {unknown}
 g - a scroll of poison {unknown}
 h - a scroll of vulnerability {unknown}
 k - a scroll of fog {unknown}
 l - 2 scrolls of fear {unknown}
 n - 2 scrolls of identify {unknown}
Potions
 i - a potion of might {unknown}
 j - a potion of cancellation {unknown}
 m - a potion of degeneration {unknown}
 o - a potion of ambrosia {unknown}
 p - a potion of haste {unknown}
 q - a potion of brilliance
 r - a potion of enlightenment {unknown}
 t - 2 potions of magic {unknown}


   Skills:
 - Level 2.4 Fighting
 + Level 7.3 Long Blades
 - Level 2.0 Throwing
 - Level 3.2 Dodging


You had 4 spell levels left.
You didn't know any spells.
Your spell library was empty.

Dungeon Overview and Level Annotations

Branches:
Dungeon (3/15)

Altars:


Innate Abilities, Weirdness & Mutations

You have a pair of horns on your head.
You reflexively headbutt those who attack you in melee.


Message History

You see here a +0 club.
Auto kill stopped - Not safe, but cannot find any monsters (likely invisible monster, or translucent walls)
Things that are here:
a +0 club; an orc corpse You closely miss something.
Your headbutt misses something. Something hits you but does no damage.
You miss something. Something hits you but does no damage.
You closely miss something.
You hear some strange, mumbled words.
A puff of flame appears from out of thin air!
The puff of flame hits you.
You miss something.
You hear some strange, mumbled words.
You are confused.
You miss something. Something hits you.
You miss something. Your headbutt misses something.
You hear some strange, mumbled words.
A puff of flame appears from out of thin air!
The puff of flame hits you!
* * * LOW HITPOINT WARNING * * *
You miss something. Your headbutt misses something.
You hear some strange, mumbled words.
A magic dart appears from out of thin air!
The magic dart hits you.
* * * LOW HITPOINT WARNING * * *
You bump into the rock wall.
Something hits you.
* * * LOW HITPOINT WARNING * * *
You closely miss something.
You feel less confused. Something hits you but does no damage.
It was a potion of brilliance.
You feel clever all of a sudden. Something hits you but does no damage.
You miss something. Something hits you.
* * * LOW HITPOINT WARNING * * *
You miss something.
You hear some strange, mumbled words.
A puff of flame appears from out of thin air!
The puff of flame hits you!
You die...

#.....#'#.#........#
#..##.#.#.#.########
#................#
##.##.#####.####.#
#..........#
#..#########
#.......# #...###{#
###.# #@# #.# #)#
#.# #.# #.# #.. #.#
#### #.#


There were no monsters in sight!

Vanquished Creatures
  A hound (D:3)
  Natasha (twice) (D:2)
  An orc wizard (D:3)
  2 adders (D:2)
  A ribbon worm (D:3)
  3 dart slugs
  3 orcs (D:3)
  2 bats (D:2)
  2 endoplasms
  3 goblins
  4 hobgoblins
  2 jackals (D:1)
  8 kobolds
  2 quokkas (D:1)
  4 ball pythons
  A frilled lizard (D:2)
  2 rats (D:1)
43 creatures vanquished.

Notes
Turn   | Place    | Note
-------+----------+-------------------------------------------
     0 | D:1      | Persephone the Minotaur Gladiator began the quest for the
                  | Orb.
     0 | D:1      | Reached XP level 1. HP: 18/18 MP: 0/0
    76 | D:1      | Reached skill level 4 in Long Blades
   128 | D:1      | Reached XP level 2. HP: 21/25 MP: 1/1
   472 | D:1      | Reached skill level 5 in Long Blades
   494 | D:1      | Reached XP level 3. HP: 30/30 MP: 2/2
  1333 | D:2      | Noticed Natasha
  1338 | D:2      | Killed Natasha
  1339 | D:2      | Reached skill level 6 in Long Blades
  1339 | D:2      | Reached XP level 4. HP: 36/37 MP: 3/3
  1436 | D:2      | Noticed Natasha
  1441 | D:2      | Killed Natasha
  1610 | D:3      | Reached XP level 5. HP: 18/42 MP: 4/4
  1710 | D:3      | Reached skill level 7 in Long Blades
  1856 | D:3      | Killed from afar by an orc wizard

Illustrated notes

Levels and vault maps discovered:
D:1:      minmay_arrival_radiant_lines, layout_loops_ring, minivault_19
D:2:      layout_loops_corners, kennysheep_boxes, uniq_natasha
D:3:      layout_basic, hellmonk_ecumenical_altar_dog_temple, uniq_jessica

Skill      XL: |  1  2  3  4  5 |
---------------+----------------+-----
Long Blades    | 4 5 6 7 |  7.3
Fighting       | |  2.4
Throwing       | |  2.0
Dodging        | |  3.2

Action                     |  1- 3 |  4- 6 || total
---------------------------+-------+-------++-------
  Melee: Long sword        |    64 |    42 ||   106
         Headbutt          |     9 |     4 ||    13
         Punch             |     1 |       ||     1
    Use: Potion            |       |     1 ||     1
 Armour: Leather armour    |    26 |    41 ||    67
  Dodge: Dodged            |    43 |    14 ||    57
